 Dungeon Crawl Stone Soup version 0.23.2-33-g5129a83184 (webtiles) character file.

Game seed: 4701696172111530160

11511 Destapler the Fighter (level 11, 0/175 HPs)
             Began as a Troll Berserker on June 29, 2019.
             Was a High Priest of Trog.
             Slain by a wraith (5 damage)
             ... led by Josephine
             ... on level 10 of the Dungeon on June 30, 2019.
             The game lasted 01:40:57 (11463 turns).

Destapler the Fighter (Troll Berserker)            Turns: 11463, Time: 01:40:57

Health: 0/175      AC:  8    Str: 36    XL:     11   Next: 50%
Magic:  10/10      EV: 13    Int:  1    God:    Trog [*****.]
Gold:   662        SH:  0    Dex:  9    Spells: 10/10 levels left

rFire    . . .     SeeInvis .   b - +5 trident "Killer Bee's Curse" {vamp, rN+ Str+2 Int-3}
rCold    . . .     Gourm    +   (no shield)
rNeg     + . .     Faith    .   E - +1 animal skin
rPois    .         Spirit   .   (helmet restricted)
rElec    .         Reflect  .   H - +0 cloak
rCorr    .         Harm     .   (gloves unavailable)
MR       .....                  (boots unavailable)
Stlth    ..........             (no amulet)
HPRegen  0.79/turn              (no ring)
MPRegen  0.12/turn              (no ring)

@: berserking (expiring), slowed, lightly drained
A: large, unfitting armour, claws 3, fast metabolism 3, gourmand, regeneration
1, shaggy fur 1, tough skin 3
a: Berserk, Trog's Hand, Brothers in Arms, Renounce Religion


You were on level 10 of the Dungeon.
You worshipped Trog.
Trog was extremely pleased with you.
You were not hungry.

You visited 2 branches of the dungeon, and saw 12 of its levels.

You collected 662 gold pieces.

Inventory:

Hand Weapons
 a - the +11 mace "Adasoe Buab" {protect, MR+ Str+2 Int+2}
   (You took it off a centaur on level 8 of the Dungeon)

   It protects the one who uses it against injury (+AC on strike).
   It affects your strength (+2).
   It affects your intelligence (+2).
   It affects your resistance to hostile enchantments.
 b - the +5 trident "Killer Bee's Curse" (weapon) {vamp, rN+ Str+2 Int-3}
   (You took it off a spriggan on level 9 of the Dungeon)

   It inflicts no extra harm, but heals its wielder when it wounds a living foe.
   It affects your strength (+2).
   It affects your intelligence (-3).
   It protects you from negative energy.
 f - a +0 halberd of protection
Missiles
 p - 302 stones (quivered)
Armour
 E - a +1 animal skin (worn)
 H - a +0 cloak (worn)
Wands
 s - a wand of digging (11)
 t - a wand of polymorph (29)
 A - a wand of clouds (3)
 F - a wand of enslavement (10)
Scrolls
 d - 2 scrolls of immolation {unknown}
 h - 5 scrolls of teleportation
 i - a scroll of blinking
 j - 3 scrolls of amnesia
 k - a scroll of vulnerability {unknown}
 m - 6 scrolls of remove curse
 r - a scroll of enchant armour
 u - 3 scrolls of identify
 w - a scroll of magic mapping
 x - a scroll of torment {unknown}
 y - 3 scrolls of noise {unknown}
 B - a scroll of silence {unknown}
Potions
 c - 3 potions of lignification
 e - a potion of haste {unknown}
 g - a potion of mutation
 l - 3 potions of curing
 n - 4 potions of ambrosia
 o - 2 potions of degeneration {unknown}
 q - 2 potions of flight
 v - 2 potions of brilliance
 C - a potion of agility {unknown}
 G - 2 potions of magic
Comestibles
 I - 16 rations


   Skills:
 + Level 9.7(9.2) Fighting
 * Level 6.6(6.1) Maces & Flails
 - Level 2.0(1.5) Armour
 + Level 8.3(7.7) Dodging
 - Level 1.1(0.7) Stealth
 - Level 8.4(7.8) Unarmed Combat
 - Level 0.3(0.0) Spellcasting
 - Level 0.4(0.0) Evocations


You had 10 spell levels left.
You didn't know any spells.
Your spell library was empty.

Dungeon Overview and Level Annotations

Branches:
Dungeon (11/15)            Temple (1/1) D:6            Lair (0/6) D:11
    Orc (0/2) D:11

Altars:
Ashenzari
Cheibriados
Dithmenos
Elyvilon
Fedhas
Gozag
Hepliaklqana
Kikubaaqudgha
Makhleb
Nemelex Xobeh
Okawaru
Qazlal
Ru
Sif Muna
Trog
Uskayaw
Vehumet
Wu Jian
Xom
Yredelemnul
Zin
The Shining One

Shops:
D:4 %   D:11 (

Annotations:
D:11 exclusion: 2 oklob plants, Josephine


Innate Abilities, Weirdness & Mutations

You are too large for most types of armour.
You have claws for hands.
Your metabolism is lightning-fast.
You like to eat raw meat.
Your natural rate of healing is unusually fast.
You are covered in fur. (AC +1)
You have extremely tough skin. (AC +3)


Message History

The wraith drains your vigour!
You feel as though you will be slow longer.
The wraith hits you.
* * * LOW HITPOINT WARNING * * *
The wraith misses you. The wraith closely misses you.
You hit the wraith but do no damage. You claw the wraith.
You destroy the wraith!
Trog accepts your kill. The wraith completely misses you.
The wraith closely misses you.
You puncture the wraith!
The wraith is moderately damaged.
The wraith hits you.
* * * LOW HITPOINT WARNING * * *
The wraith drains your vigour!
You feel as though you will be slow longer.
The wraith closely misses you.
You hit the wraith.
The wraith is moderately damaged.
The wraith misses you. The wraith hits you.
You die...

#....#....#..#....#....
###....#)####..#....#....
#..............#....#....
#..............#....#....
#.............)#....#....
#............))##'###....
##....###'####().........
#....#......#....######.
#....#.@....#....#....#.
#....#W.W...#....#....'.
#####....#'######....#....#.
#................(...######.
#...........................
####....######.#####........
#....# #.#...#........
#....# #.#...#........
###### #.รท...#........


You could see 2 wraiths.

Vanquished Creatures
  2 two-headed ogres
  The ghost of Brecoman the Thaumaturge, a novice DEFE of Nemelex Xobeh (D:9)
  Pikel (D:8)
  Maurice (D:9)
  Joseph (D:9)
  Psyche (D:9)
  2 trolls
  Grinder (D:6)
  A polar bear (D:9)
  A hippogriff (D:10)
  5 yaks (D:10)
  3 spriggans (D:9)
  A wyvern (D:9)
  3 wraiths
  6 orc warriors
  A sky beast (D:5)
  3 ice beasts
  8 ogres
  A necrophage (D:9)
  8 centaurs
  3 big kobolds
  2 gnoll sergeants (D:8)
  2 bullfrogs (D:6)
  3 wyvern zombies
  2 scorpions
  4 killer bees (D:7)
  5 wights (D:8)
  A howler monkey (D:9)
  8 crimson imps
  3 bullfrog zombies
  7 hounds
  11 orc priests
  A jelly (D:9)
  A bullfrog skeleton (D:8)
  16 orc wizards
  Jessica (D:2)
  2 iguanas
  6 worker ants
  Natasha (twice) (D:2)
  A killer bee zombie (D:7)
  2 hound skeletons
  3 worker ant zombies
  A howler monkey skeleton (D:10)
  13 gnolls
  9 adders
  A shadow imp (D:10)
  3 oozes
  3 worms
  9 leopard geckos
  44 orcs
  2 ball pythons (D:3)
  3 giant cockroaches
  7 goblins
  3 hobgoblins
  4 jackals (D:1)
  19 kobolds
  2 quokkas
  3 bats (D:1)
  4 frilled lizards
  A quokka skeleton (D:6)
  8 rats
  A plant (D:6)
277 creatures vanquished.

Vanquished Creatures (others)
  A slave (D:8)
  An orc (D:8)
  2 fungi (D:9)
  4 plants (D:9)
8 creatures vanquished.

Grand Total: 285 creatures vanquished

Notes
Turn   | Place    | Note
-------+----------+-------------------------------------------
     0 | D:1      | Destapler the Troll Berserker began the quest for the Orb.
     0 | D:1      | Reached XP level 1. HP: 22/22 MP: 0/0
    38 | D:1      | Reached XP level 2. HP: 29/29 MP: 1/1
   515 | D:1      | You fall through a shaft!
   540 | D:2      | Reached XP level 3. HP: 36/36 MP: 2/2
   589 | D:2      | Reached ** piety under Trog
   635 | D:2      | Noticed Natasha
   779 | D:3      | Reached skill level 3 in Fighting
   831 | D:2      | Noticed Jessica
   836 | D:2      | Killed Jessica
   836 | D:2      | Reached XP level 4. HP: 45/45 MP: 3/3
  1883 | D:2      | Killed Natasha
  1910 | D:2      | Reached XP level 5. HP: 51/53 MP: 4/4
  1929 | D:2      | Noticed Natasha
  1944 | D:2      | Killed Natasha
  2253 | D:3      | Reached XP level 6. HP: 62/62 MP: 5/5
  2476 | D:4      | Reached skill level 4 in Fighting
  2612 | D:4      | Found Fuefanos's Food Shop.
  2682 | D:4      | Reached *** piety under Trog
  2684 | D:4      | Reached skill level 5 in Unarmed Combat
  3220 | D:5      | Entered Level 5 of the Dungeon
  3363 | D:4      | Found a sacrificial altar of Ru.
  3587 | D:5      | Reached XP level 7. HP: 58/70 MP: 6/6
  4301 | D:5      | Reached skill level 5 in Fighting
  4324 | D:5      | Reached skill level 1 in Armour
  4324 | D:5      | Reached skill level 5 in Dodging
  4324 | D:5      | Reached XP level 8. HP: 80/80 MP: 7/7
  4772 | D:6      | Found a staircase to the Ecumenical Temple.
  4794 | Temple   | Entered the Ecumenical Temple
  5009 | D:6      | Noticed Grinder
  5011 | D:6      | Found a sacrificial altar of Ru.
  5018 | D:6      | Killed Grinder
  5018 | D:6      | Reached skill level 6 in Fighting
  5483 | D:7      | Reached XP level 9. HP: 92/92 MP: 8/8
  5868 | D:7      | Reached skill level 7 in Fighting
  5870 | D:7      | Reached **** piety under Trog
  6708 | D:8      | Noticed a two-headed ogre
  6771 | D:8      | Killed a two-headed ogre
  6771 | D:8      | Reached skill level 8 in Fighting
  6962 | D:8      | Identified the +11 mace "Adasoe Buab" {protect, MR+ Str+2
                  | Int+2}
  7232 | D:8      | Reached XP level 10. HP: 105/105 MP: 9/9
  7417 | D:8      | Noticed Pikel
  7431 | D:8      | Killed Pikel
  7543 | D:8      | Found an iron altar of Okawaru.
  7917 | D:9      | Noticed Joseph
  7945 | D:9      | Killed Joseph
  7945 | D:9      | Reached skill level 1 in Maces & Flails
  8342 | D:9      | Reached ***** piety under Trog
  8356 | D:9      | Noticed Psyche
  8364 | D:9      | Paralysed by Psyche for 5 turns
  8374 | D:9      | Killed Psyche
  8374 | D:9      | Reached skill level 1 in Stealth
  8388 | D:9      | Reached skill level 9 in Fighting
  8440 | D:9      | Noticed Maurice
  8571 | D:8      | Found an ornate altar of the Wu Jian Council.
  8702 | D:9      | Found a sparkling altar of Nemelex Xobeh.
  8755 | D:9      | Found a glowing silver altar of Zin.
  8779 | D:9      | Killed Maurice
  8794 | D:9      | Found a runed translucent door.
  8795 | D:9      | Identified the +5 trident "Killer Bee's Curse" {vamp, rN+
                  | Str+2 Int-3}
  8796 | D:9      | Noticed Brecoman's ghost (novice DEFE)
  8811 | D:9      | Killed Brecoman's ghost
  8821 | D:9      | Reached XP level 11. HP: 113/115 MP: 10/10
  9119 | D:10     | Entered Level 10 of the Dungeon
  9229 | D:9      | Reached skill level 5 in Maces & Flails
  9416 | D:9      | Found a burning altar of Makhleb.
  9419 | D:9      | Found a snail-covered altar of Cheibriados.
  9421 | D:9      | Found a radiant altar of Vehumet.
  9421 | D:9      | Found a bloodstained altar of Trog.
  9421 | D:9      | Found a white marble altar of Elyvilon.
  9422 | D:9      | Found a shimmering altar of Xom.
  9423 | D:9      | Found an ancient bone altar of Kikubaaqudgha.
  9424 | D:9      | Found a hide-covered altar of Uskayaw.
  9426 | D:9      | Found a shattered altar of Ashenzari.
  9856 | D:10     | Noticed a two-headed ogre
  9877 | D:10     | Killed a two-headed ogre
 11130 | D:11     | Found Gump's Weapon Emporium.
 11130 | D:11     | Identified the cursed +1 quarterstaff of Pain and Death
                  | {antimagic, rPois}
 11132 | D:11     | Found a staircase to the Orcish Mines.
 11201 | D:11     | Noticed an oklob plant
 11201 | D:11     | Noticed an oklob plant
 11221 | D:11     | Found a staircase to the Lair.
 11348 | D:11     | Noticed Josephine
 11460 | D:10     | HP: 4/175 [wraith[Josephine] (12)]
 11463 | D:10     | Slain by a wraith

Skill      XL: |  1  2  3  4  5  6  7  8  9 10 11 |
---------------+----------------------------------+-----
Dodging        | 3 4 5 6 7 8 |  8.3
Fighting       | 3 4 5 6 8 9 |  9.7
Unarmed Combat | 4 5 6 8 |  8.4
Armour         | 1 2 |  2.0
Maces & Flails | 4 6 |  6.6
Stealth        | 1 |  1.1
Spellcasting   | |  0.3
Evocations     | |  0.4

Action                   |  1- 3 |  4- 6 |  7- 9 | 10-12 || total
-------------------------+-------+-------+-------+-------++-------
Melee: Unarmed           |    69 |   164 |   243 |    39 ||   515
       Punch             |     2 |     2 |     8 |    26 ||    38
       Mace              |       |       |       |   139 ||   139
       Trident           |       |       |       |   246 ||   246
Throw: Stone             |       |    11 |     3 |     5 ||    19
Invok: Berserk           |     1 |     1 |     6 |     9 ||    17
       Trog's Hand       |     1 |     3 |     2 |     4 ||    10
       Brothers in Arms  |       |       |       |     1 ||     1
Evoke: Wand              |       |       |       |     1 ||     1
  Use: Scroll            |       |     7 |     1 |     6 ||    14
       Potion            |       |       |     3 |       ||     3
 Stab: Confused          |       |       |       |     1 ||     1
       Sleeping          |       |       |       |     1 ||     1
  Eat: Chunk             |    14 |    24 |    40 |    56 ||   134
       Ration            |       |       |       |     1 ||     1
Armor: Animal skin       |    26 |    47 |    66 |   185 ||   324
       Skin              |       |     3 |       |       ||     3
Dodge: Dodged            |    37 |    78 |   157 |   392 ||   664
